 Dungeon Crawl Stone Soup version 0.30-a0-779-g7971cf19c3 (webtiles) character file.

Game seed: 416587080313511580

257 Newt the Shooter (level 6, -16/40 HPs)
             Began as a Kobold Hunter on Feb 17, 2023.
             Demolished by an ogre
             ... wielding a +0 giant club
              (33 damage)
             ... on level 4 of the Dungeon.
             The game lasted 00:02:36 (3517 turns).

Newt the Shooter (Kobold Hunter)                    Turns: 3517, Time: 00:02:36

Health: -16/40     AC:  5    Str:  9    XL:     6   Next: 39%
Magic:  6/6        EV: 14    Int: 10    God:
Gold:   59         SH:  5    Dex: 20    Spells: 5/5 levels left

rFire   . . .      SeeInvis .    a - +1 shortbow
rCold   . . .      Faith    .    (shield currently unavailable)
rNeg    . . .      Spirit   .    c - +1 leather armour
rPois   .          Reflect  +    (no helmet)
rElec   .          Harm     .    j - +0 cloak
rCorr   .          Rampage  .    (no gloves)
Will    .....                    (no boots)
Stlth   +++                      r - amulet of reflection
HPRegen 0.26/turn                (no ring)
MPRegen 0.10/turn                (no ring)

@: no status effects
A: small, no large weapons, nightstalker 3
a: no special abilities


You were on level 4 of the Dungeon.
You visited 1 branch of the dungeon, and saw 4 of its levels.

You collected 163 gold pieces.
You spent 104 gold pieces at shops.

Inventory:

Hand Weapons
 a - a +1 shortbow (weapon)
Armour
 c - a +1 leather armour (worn)
 j - a +0 cloak (worn)
Jewellery
 r - an amulet of reflection (around neck)
Scrolls
 b - a scroll of immolation
 d - 2 scrolls of fog
 q - a scroll of identify
Potions
 e - 2 potions of brilliance {unknown}
 f - 2 potions of magic {unknown}
 g - a potion of resistance {unknown}
 h - a potion of attraction
 i - a potion of invisibility {unknown}
 k - 2 potions of flight
 l - 2 potions of might {unknown}
 m - a potion of cancellation {unknown}
 n - a potion of berserk rage {unknown}
 o - a potion of lignification {unknown}
 p - a potion of heal wounds


   Skills:
 - Level 5.0 Fighting
 + Level 7.8 Ranged Weapons
 - Level 2.4 Dodging
 - Level 1.3 Stealth


You had 5 spell levels left.
You didn't know any spells.
Your spell library contained the following spells:

 Spells                   Type           Power      Damage    Failure   Level
 Sting                    Tmut/Pois      0%         1d3       47%         1
 Poisonous Vapours        Pois/Air       0%         N/A       63%         2
 Olgreb's Toxic Radiance  Pois           0%         N/A       99%         4


Dungeon Overview and Level Annotations

Branches:
Dungeon (4/15)
 Temple: D:4-7

Altars:
Okawaru

Shops:
D:4 !


Innate Abilities, Weirdness & Mutations

You are small and have problems with some larger weapons.
You are completely attuned to the shadows.


Message History

You continue putting on your amulet of reflection. x5
You finish putting on your amulet of reflection.
You feel a shielding aura gather around you.
r - an amulet of reflection (around neck)
You shoot an arrow. The hobgoblin shouts!
The arrow hits the hobgoblin!
You kill the hobgoblin!
You hear a shout!
No target in view!
No target in view!
An ogre comes into view. It is wielding a +0 giant club.
An ogre is nearby!
An ogre is nearby!
You shoot an arrow. The arrow hits the ogre.
The ogre is lightly wounded.
Okay, then.
Okay, then.
You shoot an arrow. The arrow hits the ogre!
The ogre is heavily wounded.
A giant cockroach comes into view.
You shoot an arrow.
The arrow hits the ogre but does no damage.
The ogre is heavily wounded.
You shoot an arrow.
The arrow hits the ogre but does no damage.
The ogre is heavily wounded.
The ogre hits you with a +0 giant club!!
Ouch! That really hurt!
You shoot an arrow. The arrow hits the ogre.
The ogre is heavily wounded.
The ogre closely misses you. The giant cockroach barely misses you.
You shoot an arrow. The arrow hits the ogre!
The ogre is severely wounded.
You block the giant cockroach's attack. The ogre closely misses you.
You shoot an arrow. The arrow completely misses the ogre.
The giant cockroach barely misses you. The giant cockroach bites you.
The ogre hits you with a +0 giant club!!
Ouch! That really hurt!
You die...

#### #... ######...
####........
###########....####...
#.....................
#######.###########.).
....@.....########...
....OB...............
.....................
.....................
.................#.#.
..................
.............###.
................
........>.......


You could see an ogre and a giant cockroach.

Vanquished Creatures
  A necrophage (D:4)
  Natasha (thrice) (D:3)
  5 adders
  2 worms (D:2)
  3 dart slugs
  2 orcs (D:3)
  4 endoplasms
  4 giant cockroaches
  4 goblins
  9 hobgoblins
  6 kobolds
  A quokka (D:3)
  6 ball pythons
  6 bats
  5 frilled lizards
  5 rats
66 creatures vanquished.

Notes
Turn   | Place    | Note
-------+----------+-------------------------------------------
     0 | D:1      | Newt the Kobold Hunter began the quest for the Orb.
     0 | D:1      | Reached XP level 1. HP: 12/12 MP: 1/1
   117 | D:1      | Reached XP level 2. HP: 18/18 MP: 2/2
   420 | D:1      | Reached XP level 3. HP: 23/23 MP: 3/3
  1315 | D:2      | Reached XP level 4. HP: 23/30 MP: 4/4
  1668 | D:2      | Reached skill level 5 in Fighting
  1996 | D:3      | Found a faded altar of an unknown god.
  2115 | D:3      | Noticed Natasha
  2120 | D:3      | Killed Natasha
  2121 | D:3      | Reached skill level 6 in Ranged Weapons
  2121 | D:3      | Reached XP level 5. HP: 31/35 MP: 5/5
  2604 | D:3      | Found an iron altar of Okawaru.
  2842 | D:3      | Noticed Natasha
  2851 | D:3      | Killed Natasha
  3209 | D:3      | Noticed Natasha
  3215 | D:3      | Killed Natasha
  3216 | D:3      | Reached skill level 7 in Ranged Weapons
  3216 | D:3      | Reached XP level 6. HP: 40/40 MP: 6/6
  3322 | D:4      | Found Ukeesy's Distillery.
  3325 | D:4      | Bought a potion of heal wounds for 65 gold pieces
  3325 | D:4      | Bought a potion of flight for 39 gold pieces
  3510 | D:4      | Noticed an ogre
  3517 | D:4      | Demolished by an ogre

Illustrated notes

Levels and vault maps discovered:
D:1:      grunt_arrival_crossed_arrows, layout_basic, serial_forest,
          infiniplex_forest_lined_2, infiniplex_forest_lined_room_2,
          infiniplex_forest_fountain, infiniplex_forest_lined_room_,
          infiniplex_forest_lined_room_2, infiniplex_forest_lined_room_2,
          infiniplex_forest_lined_room_3, infiniplex_forest_clump_double
D:2:      layout_basic, serial_rivers, chequers_serial_rivers_micro_c,
          chequers_serial_rivers_micro_a, chequers_serial_rivers_room_a,
          chequers_serial_rivers_micro_a
D:3:      layout_basic, okawaru_metal_pillars_1_2,
          shapermc_ecumenical_altar_mp_ritualfount, uniq_natasha
D:4:      layout_rooms, serial_shops, nicolae_shop_behind_doors

Skill      XL: |  1  2  3  4  5 |
---------------+----------------+-----
Fighting       | 3 4 5 |  5.0
Ranged Weapons | 6 7 |  7.8
Dodging        | |  2.4
Stealth        | |  1.3

Action                     |  1- 3 |  4- 6 || total
---------------------------+-------+-------++-------
   Fire: Shortbow          |    85 |    81 ||   166
    Use: Scroll            |     5 |     4 ||     9
 Armour: Leather armour    |     3 |     7 ||    10
  Dodge: Dodged            |    44 |    29 ||    73
  Block: Other             |       |     1 ||     1

Table legend: (Time is in decaauts)
 A = Elapsed time spent in this place.
 B = Non-inter-level travel time spent in this place.
 C = Inter-level travel time spent in this place.
 D = Time resting spent in this place.
 E = Time spent auto-exploring this place.
 F = Levels seen in this place.
 G = Mean time per level.
                   A        B        C        D        E       F      G
               +--------+--------+--------+--------+--------+-----+--------+
         Total |   3565 |   3257 |    308 |    203 |   2708 |   4 |  891.2 |
       Dungeon |   3565 |   3257 |    308 |    203 |   2708 |   4 |  891.2 |
               +--------+--------+--------+--------+--------+-----+--------+

Top non-repeatable levels by time:
     D:3: 1282 daAuts
     D:2: 1131 daAuts
     D:1: 938 daAuts
     D:4: 214 daAuts
